 Dungeon Crawl Stone Soup version 0.30-a0-424-g7412bad402 (webtiles) character file.

Game seed: 9451406025357948437

88 McMuffin the Conjurer (level 4, -8/32 HPs)
             Began as a Demonspawn Wanderer on Dec 9, 2022.
             Shot with an arrow by a centaur (11 damage)
             ... on level 3 of the Dungeon.
             The game lasted 00:13:13 (2187 turns).

McMuffin the Conjurer (Demonspawn Wanderer)         Turns: 2187, Time: 00:13:13

Health: -8/32      AC:  8    Str: 14    XL:     4   Next: 30%
Magic:  6/6        EV: 11    Int: 12    God:
Gold:   70         SH:  0    Dex: 14    Spells: 4/6 levels left

rFire   . . .      SeeInvis .    a - +2 short sword
rCold   . . .      Faith    .    (no shield)
rNeg    . . .      Spirit   .    d - +0 leather armour
rPois   .          Reflect  .    x - +0 helmet
rElec   .          Harm     .    b - +0 cloak
rCorr   .          Rampage  .    (no gloves)
Will    .....                    t - +2 pair of boots
Stlth   ++........               (no amulet)
HPRegen 0.25/turn                p - ring of wizardry
MPRegen 0.10/turn                y - ring of flight

@: flying
A: weakness stinger 1
a: no special abilities


You were on level 3 of the Dungeon.
You visited 1 branch of the dungeon, and saw 3 of its levels.

You collected 70 gold pieces.

Inventory:

Hand Weapons
 a - a +2 short sword (weapon)
 i - a +2 dagger of holy wrath
Missiles
 g - 2 poisoned darts
Armour
 b - a +0 cloak (worn)
 d - a +0 leather armour (worn)
 t - a +2 pair of boots (worn)
 x - a +0 helmet (worn)
Jewellery
 p - a ring of wizardry (left hand)
 y - a ring of flight (right hand)
Wands
 v - a wand of polymorph (7)
 z - a wand of paralysis (12)
Scrolls
 f - 3 scrolls of identify {unknown}
 h - 2 scrolls of poison {unknown}
 n - a scroll of immolation {unknown}
 o - a scroll of summoning {unknown}
 r - 2 scrolls of blinking {unknown}
 u - 2 scrolls of torment {unknown}
 A - a scroll of teleportation {unknown}
Potions
 c - a potion of lignification
 e - a potion of might {unknown}
 j - 2 potions of resistance {unknown}
 k - 3 potions of haste {unknown}
 l - 2 potions of brilliance {unknown}
 m - a potion of degeneration {unknown}
 q - a potion of cancellation {unknown}
 s - a potion of mutation {unknown}
 w - a potion of heal wounds {unknown}


   Skills:
 + Level 1.1 Fighting
 + Level 2.3 Short Blades
 + Level 1.3 Armour
 + Level 1.4 Dodging
 + Level 1.3 Stealth
 + Level 1.7 Spellcasting
 + Level 3.6 Conjurations
 + Level 0.1 Translocations
 + Level 1.0 Evocations


You had 4 spell levels left.
You knew the following spells:

 Your Spells              Type           Power      Damage    Failure   Level
a - Momentum Strike       Conj/Tloc      10%        3d8       10%         2

Your spell library contained the following spells:

 Spells                   Type           Power      Damage    Failure   Level
 Static Discharge         Conj/Air       10%        2-3/arc   11%         2
 Ensorcelled Hibernation  Hex/Ice        2%         N/A       21%         2
 Passwall                 Tmut/Erth      0%         N/A       21%         2
 Swiftness                Air            1%         N/A       38%         3


Dungeon Overview and Level Annotations

Branches:
Dungeon (3/15)

Altars:


Innate Abilities, Weirdness & Mutations

You have a small tail.


Message History

You tail-slap the jackal, but do no damage.
The jackal is heavily wounded.
You feel sick. The jackal bites you.
You barely miss the jackal.
The jackal is heavily wounded.
You feel sick. The jackal misses you.
You hit the jackal.
You kill the jackal!
You feel sick. The jackal barely misses you.
You barely miss the jackal.
You feel sick.
You are no longer poisoned.
The jackal bites you but does no damage.
You hit the jackal.
You kill the jackal!
Things that are here:
a +0 dagger; a +0 ring mail; a jackal corpse
Found a scroll labelled VYZAADWINTO.
h - 2 scrolls labelled VYZAADWINTO (gained 1)
There is a stone staircase leading up here.
Found a ruby potion.
Found an iron wand.
l - 2 ruby potions (gained 1)
z - a wand of paralysis (12)
Found a scroll labelled GUMIEPNOAVVYMI.
Found a stone staircase leading down.
Found a robe.
There is a stone staircase leading down here.
A - a scroll labelled GUMIEPNOAVVYMI
Found a scroll labelled DAMIEK VA UCEM.
A centaur comes into view. It is wielding a +0 falchion.
The centaur unwields a +0 falchion.
The centaur wields a +0 shortbow.
The centaur shoots an arrow.
The arrow hits you.
The centaur shoots an arrow.
The arrow hits you!
The centaur shoots an arrow.
The arrow hits you!
* * * LOW HITPOINT WARNING * * *
The centaur shoots an arrow.
The arrow closely misses you.
The centaur shoots an arrow.
The arrow barely misses you.
The centaur shoots an arrow.
The arrow hits you!
* * * LOW HITPOINT WARNING * * *
The centaur shoots an arrow.
The arrow hits you!
You die...

#### #..# #..# ############
#..# #..........# #..#
#..........# ##.#########
#..........#
##..........###..........#
##............##..[.......#
#...............@.........#
#...........>..#...c......#
#..............#####.######
#.<............# #.#
#......<.......# ##.######.
...............# #..c......
##..............#
#........# #.##..#####....#
#........# ..# ..# #....#
.........#


You could see a centaur (reflecting).

Vanquished Creatures
  Robin (D:3)
  2 adders
  A worm (D:2)
  An orc (D:2)
  3 bats
  5 endoplasms
  3 giant cockroaches (D:1)
  11 goblins
  3 hobgoblins
  7 jackals
  A quokka (D:1)
  5 ball pythons
  A frilled lizard (D:2)
  3 kobolds
  5 rats
52 creatures vanquished.

Vanquished Creatures (others)
  A worm (D:2)
  A bat (D:1)
  2 goblins
  A hobgoblin (D:2)
  A ball python (D:1)
6 creatures vanquished.

Grand Total: 58 creatures vanquished

Notes
Turn   | Place    | Note
-------+----------+-------------------------------------------
     0 | D:1      | McMuffin the Demonspawn Wanderer began the quest for the
                  | Orb.
     0 | D:1      | McMuffin set off with the following items: a +2 short
                  | sword, a +0 cloak, a potion of lignification, a +0 leather
                  | armour; and the following spells available to memorise:
                  | Momentum Strike, Static Discharge.
     0 | D:1      | Reached XP level 1. HP: 15/15 MP: 2/2
   212 | D:1      | Gained mutation: You have a small tail. [demonic ancestry]
   212 | D:1      | Reached XP level 2. HP: 15/21 MP: 4/4
   322 | D:1      | Learned a level 2 spell: Momentum Strike
  1121 | D:2      | Reached XP level 3. HP: 26/26 MP: 5/5
  1793 | D:3      | Noticed an ogre
  1905 | D:3      | Noticed Robin
  1926 | D:3      | Killed Robin
  1939 | D:3      | Reached XP level 4. HP: 25/32 MP: 1/6
  2013 | D:3      | Reached skill level 1 in Armour
  2176 | D:3      | Noticed a centaur
  2187 | D:3      | Shot with an arrow by a centaur

Illustrated notes

Levels and vault maps discovered:
D:1:      ncdulo_smallfort, layout_loops_ring
D:2:      minmay_recursive_quarters, layout_loops_ring
D:3:      layout_rooms, minmay_distorted, uniq_robin

Skill      XL: |  1  2  3  4 |
---------------+-------------+-----
Short Blades   | 2 |  2.3
Armour         | 1 |  1.3
Fighting       | |  1.1
Dodging        | |  1.4
Stealth        | |  1.3
Spellcasting   | |  1.7
Conjurations   | |  3.6
Translocations | |  0.1
Evocations     | |  1.0

Action                   |  1- 3 |  4- 6 || total
-------------------------+-------+-------++-------
Melee: Short sword       |   142 |    42 ||   184
       Tailslap          |    12 |     6 ||    18
       Punch             |     3 |       ||     3
Throw: Dart              |     3 |       ||     3
 Cast: Momentum Strike   |    12 |     1 ||    13
 Stab: Sleeping          |     2 |       ||     2
Armor: Leather armour    |    69 |    14 ||    83
Dodge: Dodged            |    91 |    22 ||   113

Table legend: (Time is in decaauts)
 A = Elapsed time spent in this place.
 B = Non-inter-level travel time spent in this place.
 C = Inter-level travel time spent in this place.
 D = Time resting spent in this place.
 E = Time spent auto-exploring this place.
 F = Levels seen in this place.
 G = Mean time per level.
                   A        B        C        D        E       F      G
               +--------+--------+--------+--------+--------+-----+--------+
         Total |   2166 |   2129 |     37 |     47 |      0 |   3 |  722.0 |
       Dungeon |   2166 |   2129 |     37 |     47 |      0 |   3 |  722.0 |
               +--------+--------+--------+--------+--------+-----+--------+

Top non-repeatable levels by time:
     D:1: 958 daAuts
     D:2: 915 daAuts
     D:3: 292 daAuts
